 Dungeon Crawl Stone Soup version 0.19.0-19-g8c6edcc (webtiles) character file.

88 Minion the Sneak (level 4, -10/23 HPs)
             Began as a Spriggan Assassin on Nov 16, 2016.
             Mangled by Edmund
             ... wielding a +2 dire flail of crushing
              (14 damage)
             ... on level 4 of the Dungeon.
             The game lasted 00:02:40 (1264 turns).

Minion the Sneak (Spriggan Assassin)                Turns: 1264, Time: 00:02:40

Health: -10/23     AC:  3    Str:  7    XL:     4   Next: 30%
Magic:  5/5        EV: 17    Int: 12    God:
Gold:   38         SH:  0    Dex: 18    Spells: 0 memorised, 3 levels left

rFire  . . .     SeeInvis +     a - +2 dagger
rCold  . . .     Gourm    .     c - +0 robe
rNeg   . . .     Faith    .     (shield restricted)
rPois  .         Spirit   .     (helmet restricted)
rElec  .         Reflect  .     d - +0 cloak
rCorr  .         Harm     .     (gloves unavailable)
MR     .....                    (boots unavailable)
Stlth  ++++......               (no amulet)
                                (no ring)
                                (no ring)

@: very quick
A: unfitting armour, see invisible, herbivore 3, speed 3, slow metabolism 2
a: no special abilities


You were on level 4 of the Dungeon.
You were not hungry.

You visited 1 branch of the dungeon, and saw 4 of its levels.

You collected 38 gold pieces.

Inventory:

Hand Weapons
 a - a +2 dagger (weapon)
 b - a +0 blowgun
Missiles
 e - 8 poisoned needles
 f - 2 curare-tipped needles
Armour
 c - a +0 robe (worn)
 d - a +0 cloak (worn)
Wands
 i - a wand of paralysis (15/24)
Scrolls
 h - 2 scrolls of identify {unknown}
 j - a scroll of fear {unknown}
 k - a scroll of fog {unknown}
 m - a scroll of teleportation {unknown}
 n - 2 scrolls of magic mapping {unknown}
Potions
 l - a potion of curing
Comestibles
 g - 3 bread rations


   Skills:
 + Level 1.9 Fighting
 + Level 3.0 Short Blades
 + Level 2.2 Throwing
 + Level 1.9 Dodging
 + Level 7.7 Stealth


You had 3 spell levels left.
You didn't know any spells.

Dungeon Overview and Level Annotations

Branches:
Dungeon (4/15)
 Temple: D:4-7

Altars:
Gozag

Annotations:
D:3 moozooh's ghost, weakling MiBe
D:4 Edmund


Innate Abilities, Weirdness & Mutations

You are very small and have problems with some larger weapons.
You are too small for most types of armour.
You have supernaturally acute eyesight. (SInv)
You are a herbivore.
You cover ground extremely quickly.
You need consume almost no food.


Message History

n - 2 scrolls labeled WIRIUM SIH (gained 1)
You open the door.
Found a leather armour.
Edmund the Younger comes into view.
He is wielding a dire flail of crushing.
There is an open door here.
You hit Edmund but do no damage.
Edmund hits you with a dire flail of crushing!
You hit Edmund.
Edmund is lightly wounded.
Edmund hits you with a dire flail of crushing.
* * * LOW HITPOINT WARNING * * *
x2 You are too injured to fight recklessly!
Zapping:
i - a wand of paralysis (will waste charges)
Press: ? - help, Shift-Dir - straight line, f - Edmund
Aim: Edmund, wielding a dire flail of crushing and wearing a chain mail (lightly wounded, chance to defeat MR: 46%) Edmund resists with some effort.
Evoking this partially-identified wand wasted a few charges.
Edmund hits you with a dire flail of crushing!
Ouch! That really hurt!
You die...

...##... #...... #.....
#.... #... ######..
#.....@##########
#..[..@#.......(#
#......#........#
#......#........#
+......'........#
#......###.##..##
..#########.##..###.###
. ............#......
............+.....
###..##...####..#


You could see Edmund.

Vanquished Creatures
  5 adders
  A dart slug (D:2)
  6 leopard geckos
  A ball python (D:4)
  3 goblins (D:2)
  3 hobgoblins (D:2)
  4 kobolds
  A quokka (D:2)
  7 bats
  4 frilled lizards (D:2)
  3 rats
38 creatures vanquished.

Notes
Turn   | Place    | Note
-------+----------+-------------------------------------------
     0 | D:1      | Minion the Spriggan Assassin began the quest for the Orb.
     0 | D:1      | Reached XP level 1. HP: 10/10 MP: 2/2
    11 | D:1      | Reached skill level 6 in Stealth
    74 | D:2      | Reached XP level 2. HP: 6/14 MP: 3/3
   360 | D:2      | Found an opulent altar of Gozag.
   384 | D:2      | Reached skill level 7 in Stealth
   384 | D:2      | Reached XP level 3. HP: 10/18 MP: 4/4
  1019 | D:3      | Noticed moozooh's ghost (weakling MiBe)
  1099 | D:3      | Reached XP level 4. HP: 21/23 MP: 5/5
  1258 | D:4      | Noticed Edmund
  1264 | D:4      | Mangled by Edmund

Skill      XL: |  1  2  3  4 |
---------------+-------------+-----
Stealth        | 6 7 |  7.7
Short Blades   | 3 |  3.0
Fighting       | |  1.9
Throwing       | |  2.2
Dodging        | |  1.9

Action                   |  1- 3 |  4- 6 || total
-------------------------+-------+-------++-------
Melee: Dagger            |   126 |    20 ||   146
Evoke: Wand              |       |     1 ||     1
  Use: Potion            |     1 |       ||     1
 Stab: Sleeping          |    12 |     1 ||    13
       Distracted        |       |     1 ||     1
Armor: Robe              |    11 |     6 ||    17
Dodge: Dodged            |    85 |    25 ||   110
